 Dungeon Crawl Stone Soup version 0.17.2-1-ge4368a0 (webtiles) character file.

81 Goblin1989 the Ducker (level 4, -2/23 HPs)
             Began as a Spriggan Gladiator on Aug 31, 2016.
             Slain by an orc
             ... wielding a +0 mace
              (7 damage)
             ... on level 3 of the Dungeon.
             The game lasted 00:05:08 (557 turns).

Goblin1989 the Ducker (Spriggan Gladiator)           Turns: 557, Time: 00:05:08

Health: -2/23      AC:  3    Str: 11    XL:     4   Next: 20%
Magic:  5/5        EV: 21    Int:  9    God:
Gold:   53         SH:  0    Dex: 17    Spells: 0 memorised, 3 levels left

rFire  . . .     SeeInvis +     a - +0 rapier
rCold  . . .     Clarity  .     b - +0 robe
rNeg   . . .     SustAt   .     (shield restricted)
rPois  .         Gourm    .     c - +0 hat
rElec  .         Spirit   .     l - +0 cloak
rCorr  .         Warding  .     (gloves unavailable)
rMut   .         Stasis   .     (boots unavailable)
MR     .....                    (no amulet)
Stlth  ++........               (no ring)
                                (no ring)

@: very quick, not resistant to hostile enchantments, unstealthy
A: unfitting armour, see invisible, herbivore 3, speed 3, slow metabolism 2
a: no special abilities


You were on level 3 of the Dungeon.
You were not hungry.

You visited 1 branch of the dungeon, and saw 3 of its levels.

You collected 53 gold pieces.

Inventory:

Hand Weapons
 a - a +0 rapier (weapon)
Missiles
 d - a throwing net (quivered)
 h - 16 poisoned needles
 n - 4 needles of confusion
Armour
 b - a +0 robe (worn)
 c - a +0 hat (worn)
 l - a +0 cloak (worn)
Scrolls
 f - 2 scrolls of remove curse {unknown}
 i - a scroll of immolation {unknown}
 j - a scroll of noise {unknown}
 k - a scroll of teleportation {unknown}
 m - a scroll of recharging {unknown}
Comestibles
 e - 2 bread rations
 g - 4 fruits


   Skills:
 - Level 1.8 Fighting
 * Level 4.4 Short Blades
 - Level 2.1 Throwing
 * Level 5.5 Dodging
 + Level 1.6 Stealth


You had 3 spell levels left.
You didn't know any spells.

Dungeon Overview and Level Annotations

Branches:
Dungeon (3/15)

Altars:
Trog

Annotations:
D:2 Sigmund


Innate Abilities, Weirdness & Mutations

You are tiny and cannot use many weapons and most armour.
You have supernaturally acute eyesight.
You are a herbivore.
You cover ground extremely quickly.
You need consume almost no food.


Message History

You kill the giant gecko!
You closely miss the goblin. The goblin closely misses you.
You barely miss the goblin. The goblin misses you.
You barely miss the goblin. You barely miss the goblin.
The goblin hits you with a club.
* * * LOW HITPOINT WARNING * * *
You take 3 damage, and have 4/23 hp.
You closely miss the goblin. The goblin completely misses you.
You hit the goblin.
You kill the goblin!
Things that are here:
a club; a giant gecko corpse; a giant cockroach corpse An orc comes into view.
It is wielding a mace.
You see here 4 needles of confusion.
n - 4 needles of confusion You see here a rat corpse.
You hit the orc.
The orc is moderately wounded.
The orc hits you with a mace!
You die...

.. ..#.....#. ..
....!.......... #.
#.............. #.
#.............. #.
#.........s.... #.
#...!..........
#.###..............
#.@o...............
.......####....†........
.#####. ##...........#
#. #######.###### #.
#.........# #.
#.........# #.
#.........# #.
#.........# ####)######


You could see an orc.

Vanquished Creatures
  Crazy Yiuf (D:2)
  Natasha (D:2)
  An adder (D:2)
  2 giant geckos (D:3)
  4 giant cockroaches
  2 goblins
  A hobgoblin (D:1)
  2 bats
  A giant newt (D:2)
  2 kobolds
  2 rats
19 creatures vanquished.

Notes
Turn   | Place    | Note
--------------------------------------------------------------
     0 | D:1      | Goblin1989 the Spriggan Gladiator began the quest for the Orb.
     0 | D:1      | Reached XP level 1. HP: 10/10 MP: 2/2
    60 | D:2      | Reached XP level 2. HP: 13/15 MP: 3/3
   322 | D:2      | Found a bloodstained altar of Trog.
   350 | D:2      | Noticed Sigmund
   383 | D:2      | Noticed Crazy Yiuf
   407 | D:2      | Killed Crazy Yiuf
   407 | D:2      | Reached skill level 5 in Dodging
   407 | D:2      | Reached XP level 3. HP: 7/18 MP: 4/4
   481 | D:2      | Noticed Natasha
   492 | D:2      | Killed Natasha
   492 | D:2      | Reached skill level 1 in Stealth
   492 | D:2      | Reached XP level 4. HP: 10/23 MP: 5/5
   499 | D:2      | You fall through a shaft!
   557 | D:3      | Slain by an orc

Action                   |  1- 3 |  4- 6 || total
-------------------------+-------+-------++-------
Melee: Rapier            |    54 |    22 ||    76
Throw: Throwing net      |     4 |       ||     4
 Stab: Held in net/web   |     4 |       ||     4
       Sleeping          |     1 |     1 ||     2
